 Dungeon Crawl Stone Soup version 0.29.1-4-g47bece8355 (webtiles) character file.

Game seed: 2547474286884157705

16 CaptainMV the Conjurer (level 2, -1/20 HPs)
             Began as a Draconian Conjurer on Dec 7, 2022.
             Slain by a hobgoblin (4 damage)
             ... on level 1 of the Dungeon.
             The game lasted 00:03:26 (505 turns).

CaptainMV the Conjurer (Draconian Conjurer)          Turns: 505, Time: 00:03:27

Health: -1/20      AC:  4    Str:  9    XL:     2   Next: 41%
Magic:  4/5        EV:  9    Int: 18    God:
Gold:   5          SH:  0    Dex:  9    Spells: 2/5 levels left

rFire   . . .      SeeInvis .   d - +0 dagger
rCold   . . .      Faith    .   (no shield)
rNeg    . . .      Spirit   .   (body armour unavailable)
rPois   .          Reflect  .   (helmet restricted)
rElec   .          Harm     .   (no cloak)
rCorr   .          Rampage  .   (no gloves)
Will    .....                   (no boots)
Stlth   ++........              (no amulet)
HPRegen 0.06/turn               (no ring)
MPRegen 0.09/turn               (no ring)

@: very slightly contaminated, constricted
A: AC +4, unfitting armour, cold-blooded
a: no special abilities


You were on level 1 of the Dungeon.
You visited 1 branch of the dungeon, and saw 1 of its levels.

You collected 5 gold pieces.

Inventory:

Hand Weapons
 c - a +0 whip
 d - a +0 dagger (weapon)
Missiles
 e - 2 poisoned darts
Potions
 a - a potion of magic
 b - 2 potions of heal wounds {unknown}


   Skills:
 + Level 2.2 Dodging
 + Level 1.8 Stealth
 + Level 0.2 Unarmed Combat
 + Level 2.0 Spellcasting
 + Level 4.3 Conjurations


You had 2 spell levels left.
You knew the following spells:

 Your Spells              Type           Power      Damage    Failure   Level
a - Magic Dart            Conj           68%        1d6       3%          1
b - Searing Ray           Conj           34%        2d5       4%          2

Your spell library contained the following spells:

 Spells                   Type           Power      Damage    Failure   Level
 Beastly Appendage        Tmut           2%         N/A       19%         1
 Wereblood                Tmut           1%         N/A       26%         2
 Dazzling Flash           Conj/Hex       18%        N/A       22%         3
 Spider Form              Tmut/Pois      1%         N/A       47%         3
 Fulminant Prism          Conj/Hex       4%         3d6       58%         4
 Iskenderun's Mystic Bla  Conj/Tloc      9%         2d4       58%         4


Dungeon Overview and Level Annotations

Branches:
Dungeon (1/15)

Altars:


Innate Abilities, Weirdness & Mutations

Your plain brown scales are hard. (AC +4)
You cannot fit into any form of body armour.
You are cold-blooded and may be slowed by cold attacks.


Message History

The ball python grabs you. The ball python constricts you.
You hit the ball python but do no damage.
Your tail-slap misses the ball python.
The ball python is severely wounded.
The ball python bites you. The ball python constricts you.
You hit the ball python.
You kill the ball python!
Found a helmet.
Found an escape hatch in the floor.
A hobgoblin comes into view.
The hobgoblin shouts!
A ball python comes into view.
Found 11 gold pieces.
The hobgoblin completely misses you.
You barely miss the hobgoblin.
The hobgoblin hits you but does no damage.
You hit the hobgoblin.
Your tail-slap misses the hobgoblin.
Your punch misses the hobgoblin.
The hobgoblin is heavily wounded.
The ball python bites you. The ball python barely misses you.
The hobgoblin barely misses you.
You hit the hobgoblin but do no damage.
The hobgoblin is heavily wounded.
The ball python bites you. The ball python grabs you.
The ball python constricts you.
* * * LOW HITPOINT WARNING * * *
The ball python bites you but does no damage.
The ball python constricts you. The hobgoblin hits you.
* * * LOW HITPOINT WARNING * * *
Casting: Magic Dart (safe; 3% risk of failure)
Confirm with . or Enter, or press ? or * to list all spells.
Aiming: Magic Dart (safe; 3% risk of failure)
Press: ? - help, Shift-Dir - straight line, f - hobgoblin
Aim: a hobgoblin (heavily wounded, 100% to hit)
You miscast Magic Dart.
You are very lightly contaminated with residual magic.
Nothing appears to happen.
The ball python bites you.
* * * LOW HITPOINT WARNING * * *
The ball python constricts you. The hobgoblin hits you.
You die...

###...## #...#.#
#.........# ##..)..#
#......$..#
####.†.####
#.........# ......##
#.........# .....###
## .........#
.......# ##..
........#
######.......# #gS..#
#...##..##@...# #.###
#..#....# #..#
#......# ##..#
####.....# #
#..######........#
####.##......###..>.#
........###### #....#
#.####### #....# ..#
#....#


You could see a hobgoblin and a ball python.

Vanquished Creatures
  A dart slug (D:1)
  3 bats (D:1)
  2 endoplasms (D:1)
  2 goblins (D:1)
  2 hobgoblins (D:1)
  A ball python (D:1)
  A frilled lizard (D:1)
  2 kobolds (D:1)
  A rat (D:1)
15 creatures vanquished.

Notes
Turn   | Place    | Note
-------+----------+-------------------------------------------
     0 | D:1      | CaptainMV the Draconian Conjurer began the quest for the
                  | Orb.
     0 | D:1      | Reached XP level 1. HP: 14/14 MP: 3/3
   142 | D:1      | Reached XP level 2. HP: 5/20 MP: 1/5
   435 | D:1      | Learned a level 2 spell: Searing Ray
   505 | D:1      | Slain by a hobgoblin

Illustrated notes

Levels and vault maps discovered:
D:1:      dpeg_arrival_round_a, layout_rooms

Skill      XL: |  1 |
---------------+----+-----
Dodging        | 2 |  2.2
Stealth        | |  1.8
Unarmed Combat | |  0.2
Spellcasting   | |  2.0
Conjurations   | |  4.3

Action                   || total
-------------------------++-------
Melee: Unarmed           ||    32
       Tailslap          ||    11
       Dagger            ||    31
 Cast: Magic Dart        ||     9
 Stab: Sleeping          ||     1
Armor: Skin              ||    23
Dodge: Dodged            ||    47
